 Dungeon Crawl Stone Soup version 0.25.0-46-gbd7b0854d2 (webtiles) character file.

Game seed: 11418108692865260438

7539 protoss039 the Thaumaturge (level 10, -1/60 HPs)
             Began as a Deep Elf Earth Elementalist on July 15, 2020.
             Was an Elder of Vehumet.
             Killed from afar by an orc wizard (3 damage)
             ... with a magic dart
             ... on level 10 of the Dungeon.
             The game lasted 00:57:13 (11737 turns).

protoss039 the Thaumaturge (DEEE)                  Turns: 11737, Time: 00:57:13

Health: -1/60      AC:  5    Str:  5    XL:     10   Next: 96%
Magic:  6/29       EV: 13    Int: 30    God:    Vehumet [****..]
Gold:   108        SH:  0    Dex: 15    Spells: 17/35 levels left

rFire    . . .     SeeInvis .   z - +4 whip
rCold    . . .     Gourm    .   (no shield)
rNeg     . . .     Faith    +   c - +0 robe
rPois    .         Spirit   .   (no helmet)
rElec    .         Reflect  .   I - +0 cloak {rCorr}
rCorr    +         Harm     .   q - +0 pair of gloves
MR       ++...                  o - +0 pair of boots
Stlth    ++........             B - amulet of faith
HPRegen  0.20/turn              v - ring of protection from magic
MPRegen  0.21/turn              A - +6 ring of intelligence

@: mighty
A: no striking features
a: Renounce Religion


You were on level 10 of the Dungeon.
You worshipped Vehumet.
Vehumet was greatly pleased with you.
You were not hungry.

You visited 2 branches of the dungeon, and saw 11 of its levels.

You collected 528 gold pieces.
You spent 420 gold pieces at shops.

Inventory:

Hand Weapons
 z - a +4 whip (weapon)
Missiles
 j - 106 stones (quivered)
Armour
 c - a +0 robe (worn)
 o - a +0 pair of boots (worn)
 q - a +0 pair of gloves (worn)
 H - a +2 buckler of poison resistance
 I - a +0 cloak of preservation (worn)
Jewellery
 v - a ring of protection from magic (left hand)
 A - a +6 ring of intelligence (right hand)
 B - an amulet of faith (around neck)
 F - an uncursed ring of protection from fire
 G - an uncursed amulet of reflection
Wands
 y - a wand of flame (14)
 C - a wand of polymorph (7)
 D - a wand of paralysis (3)
 E - a wand of digging (4)
Scrolls
 b - a scroll of immolation
 g - 4 scrolls of magic mapping
 h - 4 scrolls of remove curse
 i - 4 scrolls of amnesia
 k - 4 scrolls of enchant armour
 l - 2 scrolls of fear
 m - 3 scrolls of identify
 t - 4 scrolls of teleportation
 x - 2 scrolls of fog
Potions
 e - a potion of berserk rage {unknown}
 f - a potion of lignification {unknown}
 n - a potion of might
 p - a potion of resistance {unknown}
 r - a potion of brilliance {unknown}
 s - a potion of magic {unknown}
Comestibles
 d - 17 rations
 w - 5 chunks of flesh


   Skills:
 - Level 6.2 Fighting
 - Level 3.0 Dodging
 - Level 3.0 Stealth
 - Level 13.0 Spellcasting
 - Level 6.0 Conjurations
 - Level 1.1 Transmutations
 + Level 0.1 Air Magic
 - Level 11.0 Earth Magic


You had 17 spell levels left.
You knew the following spells:

 Your Spells              Type           Power        Failure   Level  Hunger
a - Sandblast             Erth           ######       1%          1    None
b - Passwall              Tmut/Erth      ######..     1%          2    None
c - Stone Arrow           Conj/Erth      ######       1%          3    None
d - Petrify               Tmut/Erth      ######..     2%          4    None
e - Lee's Rapid Deconstr  Erth           ######....   1%          5    #......
f - Mephitic Cloud        Conj/Pois/Air  ####....     1%          3    None

Your spell library contained the following spells:

 Spells                   Type           Power        Failure   Level  Hunger
 Frozen Ramparts          Ice            ###...       2%          3    None
 Magic Dart               Conj           ####         1%          1    None
 Conjure Flame            Conj/Fire      #####...     1%          3    None
 Blink                    Tloc           N/A          3%          2    None
 Call Imp                 Summ           ###.....     3%          2    None
 Slow                     Hex            ###.....     3%          2    None


Dungeon Overview and Level Annotations

Branches:
Dungeon (10/15)            Temple (1/1) D:6            Lair (0/6) D:9
    Orc (0/2) D:9

Altars:
Ashenzari
Cheibriados
Dithmenos
Elyvilon
Fedhas
Gozag
Hepliaklqana
Kikubaaqudgha
Makhleb
Nemelex Xobeh
Okawaru
Qazlal
Ru
Sif Muna
Trog
Uskayaw
Vehumet
Wu Jian
Xom
Yredelemnul
Zin
The Shining One

Shops:
D:9 (   D:10 [

Annotations:
D:3 1 exclusion
D:4 Eustachio
D:7 1 exclusion
D:9 1 exclusion


Message History

The worker ant twitches its antennae in your direction.
Something hits you!
* * * LOW HITPOINT WARNING * * *
Something hits you but does no damage.
Unknown command.
Casting: Lee's Rapid Deconstruction (dangerous; 1% risk of failure)
Confirm with . or Enter, or press ? or * to list all spells.
Aiming: Lee's Rapid Deconstruction (dangerous; 1% risk of failure)
Press: ? - help, Dir - move target cursor A rock wall.
The wall shatters!
Something hits you but does no damage. Something hits you.
* * * LOW HITPOINT WARNING * * *
Unknown command.
Unknown command.
It was a potion of might.
You feel very mighty all of a sudden.
You hear some strange, mumbled words.
A magic dart appears from out of thin air!
The magic dart hits you.
You die...

......#........
a................
..............[..
#............)..
#.....a........ ..
#..........).. ...#
##....Z{...o..
.....# ##....$@..#
.......###........##
........#........##
................##
............[....##
..................##
#.................#
#..................
##.................


You could see a worker ant, an orc wizard (petrified) and a centaur warrior
skeleton.

Vanquished Creatures
  A two-headed ogre (D:5)
  Maurice (D:9)
  Psyche (D:8)
  A troll (D:9)
  A hornet (D:8)
  A hippogriff (D:8)
  6 yaks (D:9)
  A wyvern (D:10)
  Grum (D:9)
  3 wargs
  A water moccasin (D:8)
  A soldier ant (D:8)
  4 orc warriors
  A phantom (D:6)
  An ice beast (D:5)
  A sky beast (D:7)
  3 wolves
  5 ogres
  5 centaurs
  A big kobold (D:9)
  3 bullfrogs
  A wyvern zombie (D:9)
  4 scorpions
  6 killer bees (D:8)
  A howler monkey (D:8)
  2 crimson imps
  A centaur zombie (D:6)
  A bullfrog skeleton (D:5)
  4 hounds
  A jelly (D:6)
  9 orc priests
  2 iguanas
  12 orc wizards
  6 worker ants
  2 killer bee zombies (D:8)
  A worker ant zombie (D:9)
  13 adders
  A howler monkey skeleton (D:6)
  5 shadow imps
  An ooze (D:1)
  3 worms
  A dart slug (D:2)
  6 leopard geckos
  28 orcs
  7 bats
  4 giant cockroaches
  5 goblins
  11 hobgoblins
  11 jackals
  16 kobolds
  7 quokkas
  A ball python (D:2)
  6 frilled lizards
  2 leopard gecko skeletons (D:6)
  6 rats
230 creatures vanquished.

Notes
Turn   | Place    | Note
-------+----------+-------------------------------------------
     0 | D:1      | protoss039 the Deep Elf Earth Elementalist began the quest
                  | for the Orb.
     0 | D:1      | Reached XP level 1. HP: 10/10 MP: 6/6
   269 | D:1      | Reached XP level 2. HP: 10/15 MP: 4/8
   949 | D:2      | Reached XP level 3. HP: 19/19 MP: 0/10
  1055 | D:2      | Learned a level 2 spell: Passwall
  1059 | D:2      | Learned a level 3 spell: Stone Arrow
  1232 | D:1      | Reached skill level 4 in Spellcasting
  1750 | D:2      | Reached XP level 4. HP: 24/24 MP: 2/12
  2069 | D:2      | Found a shattered altar of Ashenzari.
  2535 | D:3      | Found an opulent altar of Gozag.
  3310 | D:4      | Learned a level 4 spell: Petrify
  3313 | D:4      | Found a shimmering altar of Xom.
  3313 | D:4      | Noticed Eustachio
  3544 | D:4      | You fall into a shaft and drop 2 floors!
  3547 | D:6      | Reached skill level 5 in Spellcasting
  3547 | D:6      | Reached skill level 1 in Conjurations
  3547 | D:6      | Reached XP level 5. HP: 28/28 MP: 10/14
  3851 | D:6      | Reached skill level 5 in Earth Magic
  3896 | D:6      | Noticed a centaur
  3904 | D:6      | Learned a level 5 spell: Lee's Rapid Deconstruction
  3908 | D:6      | Found a sparkling altar of Nemelex Xobeh.
  3933 | D:6      | Noticed an orc warrior
  3957 | D:6      | Noticed an orc warrior
  3965 | D:6      | Reached XP level 6. HP: 32/32 MP: 10/16
  4013 | D:6      | Reached skill level 6 in Spellcasting
  4393 | D:5      | Entered Level 5 of the Dungeon
  4395 | D:5      | Noticed a two-headed ogre
  4428 | D:5      | Found a shadowy altar of Dithmenos.
  4599 | D:5      | Found an ornate altar of the Wu Jian Council.
  4599 | D:5      | Found an iron altar of Okawaru.
  4850 | D:5      | Found a white marble altar of Elyvilon.
  4958 | D:5      | Noticed an ice beast
  4964 | D:5      | Killed an ice beast
  5217 | D:5      | Reached skill level 7 in Spellcasting
  5217 | D:5      | Reached XP level 7. HP: 36/36 MP: 11/19
  5355 | D:5      | Killed a two-headed ogre
  5355 | D:5      | Reached skill level 9 in Spellcasting
  5355 | D:5      | Reached XP level 8. HP: 41/41 MP: 7/23
  5893 | D:6      | Reached skill level 10 in Spellcasting
  6119 | D:6      | Found a staircase to the Ecumenical Temple.
  6132 | Temple   | Entered the Ecumenical Temple
  6230 | Temple   | Became a worshipper of Vehumet
  6669 | D:6      | Reached XP level 9. HP: 45/45 MP: 16/25
  7250 | D:4      | Found a burning altar of Makhleb.
  7250 | D:4      | Noticed a blizzard demon
  7253 | D:4      | Noticed a hellwing
  7286 | D:4      | Found a bloodstained altar of Trog.
  7551 | D:7      | Reached skill level 11 in Spellcasting
  7979 | D:7      | Found a blossoming altar of Fedhas.
  8193 | D:7      | Found a shimmering blue altar of Sif Muna.
  8321 | D:8      | Reached * piety under Vehumet
  8321 | D:8      | Offered knowledge of Foxfire by Vehumet.
  8583 | D:8      | Reached skill level 5 in Conjurations
  8763 | D:8      | Reached skill level 10 in Earth Magic
  8766 | D:8      | Reached ** piety under Vehumet
  8766 | D:8      | Offered knowledge of Searing Ray by Vehumet.
  8839 | D:8      | Reached skill level 12 in Spellcasting
  9756 | D:8      | Reached XP level 10. HP: 50/50 MP: 21/28
  9951 | D:8      | Noticed Psyche
  9953 | D:8      | Killed Psyche
 10021 | D:8      | Offered knowledge of Ignite Poison by Vehumet.
 10311 | D:9      | Found a staircase to the Orcish Mines.
 10334 | D:9      | Noticed Maurice
 10343 | D:9      | Killed Maurice
 10343 | D:9      | Reached skill level 13 in Spellcasting
 10350 | D:9      | Reached skill level 1 in Fighting
 10574 | D:9      | Found Qew Leyf's Weapon Shop.
 10585 | D:9      | Reached *** piety under Vehumet
 10827 | D:9      | Found a stormy altar of Qazlal.
 10831 | D:9      | Noticed Grum
 10838 | D:9      | Offered knowledge of Frozen Ramparts by Vehumet.
 10839 | D:9      | Killed Grum
 10839 | D:9      | Reached skill level 5 in Fighting
 11202 | D:9      | Found a staircase to the Lair.
 11397 | D:10     | Entered Level 10 of the Dungeon
 11425 | D:9      | Reached **** piety under Vehumet
 11632 | D:10     | Found Tettaenu's Armour Shop.
 11653 | D:10     | Bought a +2 buckler of poison resistance for 259 gold
                  | pieces
 11653 | D:10     | Bought a +0 cloak of preservation for 161 gold pieces
 11669 | D:10     | Learned a level 3 spell: Mephitic Cloud
 11735 | D:10     | HP: 3/60 [something (7)]
 11737 | D:10     | Killed from afar by an orc wizard

Illustrated notes

Levels and vault maps discovered:
D:1:      dpeg_arrival_tiny_j, layout_basic
D:2:      layout_rooms, lemuel_coloured_pillars_altar
D:3:      layout_loops_ring, nicolae_overflow_hidden_temple, first_ration
D:4:      layout_rooms, makhleb_altar_promises_db, lightli_temple_of_fire,
          lemuel_crystal_altar, uniq_eustachio
D:5:      layout_cave_pods, lemuel_doored_altar,
          gammafunk_temple_overflow_elements, elyvilon_altar_3,
          minmay_increasing_density
D:6:      layout_layer_cave, nemelex_xobeh_ov_fountains_minmay,
          minmay_temple_entry_grid
D:7:      layout_loops_ring, kennysheep_mini_moat, old_standard_altar
D:8:      layout_layer_cave, hangedman_pestilent_swarm, minmay_misc_feat_x,
          uniq_psyche
D:9:      layout_rooms, grunt_qazlal_sundering, erik_lair_orcish_takeover,
          orc_0_dummy, serial_shops, nicolae_shop_behind_doors, uniq_maurice,
          uniq_grum
D:10:     layout_big_octagon, serial_shops, shop
Temple:   jpeg_temple_island

Skill      XL: |  1  2  3  4  5  6  7  8  9 10 |
---------------+-------------------------------+-----
Stealth        | 3 |  3.0
Dodging        | 3 |  3.0
Spellcasting   | 4 5 7 9 10 12 13 | 13.0
Earth Magic    | 4 5 6 7 8 10 11 | 11.0
Conjurations   | 1 2 3 4 5 6 |  6.0
Fighting       | 6 |  6.2
Transmutations | |  1.1
Air Magic      | |  0.1

Action                   |  1- 3 |  4- 6 |  7- 9 | 10-12 || total
-------------------------+-------+-------+-------+-------++-------
Melee: Unarmed           |     5 |       |       |       ||     5
       Whip              |    26 |    45 |     1 |     3 ||    75
 Cast: Sandblast         |    34 |    49 |    26 |    21 ||   130
       Stone Arrow       |    11 |    26 |    83 |    54 ||   174
       Passwall          |       |     1 |       |       ||     1
       Lee's Rapid Decon |       |       |    24 |    21 ||    45
       Petrify           |       |       |       |     1 ||     1
  Use: Scroll            |       |     4 |     7 |     1 ||    12
       Potion            |       |       |       |     3 ||     3
 Stab: Distracted        |     1 |       |       |       ||     1
       Sleeping          |     2 |     4 |       |       ||     6
  Eat: Chunk             |     3 |     8 |    12 |     7 ||    30
       Ration            |       |     1 |     1 |       ||     2
Armor: Robe              |    13 |     7 |     9 |     5 ||    34
Dodge: Dodged            |    50 |    47 |    25 |    17 ||   139
